 Dungeon Crawl Stone Soup version 0.30-b1-2-g02819fbbbe (webtiles) character file.

Game seed: 7395211829378742927

558 Metae the Covered (level 7, -3/61 HPs)
             Began as a Minotaur Fighter on June 19, 2023.
             Was an Initiate of Okawaru.
             Slain by an orc warrior
             ... wielding a +0 hand axe
              (11 damage)
             ... on level 5 of the Dungeon.
             The game lasted 00:10:05 (3800 turns).

Metae the Covered (Minotaur Fighter)                Turns: 3800, Time: 00:10:06

Health: -3/61      AC: 11    Str: 23    XL:     7   Next: 9%
Magic:  6/7        EV: 10    Int:  5    God:    Okawaru [......]
Gold:   178        SH:  6    Dex:  9    Spells: 6/6 levels left

rFire   . . .        a - +0 flail
rCold   . . .        c - +0 buckler
rNeg    . . .        o - +0 chain mail
rPois   .            (helmet restricted)
rElec   .            (no cloak)
rCorr   .            (no gloves)
SInv    .            (no boots)
Will    +....        (no amulet) Stlth
                     h - ring of willpower
HPRegen 0.30/turn    (no ring)
MPRegen 0.10/turn

%: no passive effects
@: heroic
A: horns 2, retaliatory headbutt
a: Renounce Religion


You were on level 5 of the Dungeon.
You worshipped Okawaru.
Okawaru was noncommittal.
You visited 2 branches of the dungeon, and saw 6 of its levels.

You collected 178 gold pieces.

Inventory:

Hand Weapons
 a - a +0 flail (weapon)
 j - a +0 sling
Missiles
 k - 32 stones (quivered)
Armour
 b - a +0 scale mail
 c - a +0 buckler (worn)
 o - a +0 chain mail (worn)
 v - a +0 plate armour
Jewellery
 h - a ring of willpower (left hand)
Scrolls
 f - a scroll of blinking {unknown}
 g - 2 scrolls of teleportation {unknown}
 i - a scroll of silence {unknown}
 t - a scroll of immolation {unknown}
 u - a scroll of enchant armour {unknown}
Potions
 d - 2 potions of might
 e - 2 potions of resistance
 l - 2 potions of curing {unknown}
 m - 3 potions of mutation {unknown}
 n - a potion of brilliance {unknown}
 p - 3 potions of flight
 q - 2 potions of heal wounds {unknown}
 r - a potion of attraction {unknown}
 s - a potion of lignification {unknown}
 w - a potion of cancellation {unknown}
 x - a potion of haste {unknown}


   Skills:
 + Level 5.5(10.5) Fighting
 + Level 4.7(9.7) Maces & Flails
 + Level 5.6(10.6) Armour
 + Level 5.5(10.5) Shields
 + Level 2.3 Invocations


You had 6 spell levels left.
You didn't know any spells.
Your spell library contained the following spells:

 Spells                   Type           Power      Damage    Failure   Level
 Foxfire                  Conj/Fire      0%         2x1d4     95%         1
 Portal Projectile        Hex/Tloc       0%         N/A       100%        3
 Blade Hands              Tmut           0%         N/A       100%        5
 Tukima's Dance           Hex            Unusable   N/A       N/A         3

Dungeon Overview and Level Annotations

Branches:
Dungeon (5/15)             Temple (1/1) D:4

Altars:
Cheibriados
Dithmenos
Elyvilon
Hepliaklqana
Kikubaaqudgha
Nemelex Xobeh
Okawaru
Ru
Sif Muna
Trog
Uskayaw
Vehumet
Wu Jian
Yredelemnul
Zin
The Shining One

Shops:
D:1 [


Innate Abilities, Weirdness & Mutations

You have a pair of horns on your head.
You reflexively headbutt those who attack you in melee.


Message History

You barely miss the gnoll. You headbutt the gnoll.
The gnoll is lightly wounded.
The gnoll hits you with a +0 spear.
* * * LOW HITPOINT WARNING * * *
You hit the gnoll. You headbutt the gnoll.
The gnoll is heavily wounded.
The gnoll closely misses you. You furiously retaliate!
You headbutt the gnoll!
You kill the gnoll!
Okawaru accepts your kill. You block the gnoll's attack.
You gain the combat prowess of a mighty hero.
You can no longer gain great but temporary skills.
The gnoll closely misses you.
You closely miss the gnoll. You sock the gnoll!
You kill the gnoll!
Okawaru accepts your kill.
Items here: ( )) †.
An orc warrior comes into view. It is wielding a +0 hand axe.
The orc warrior shouts!
You hear a shout!
You hit the orc warrior but do no damage.
You headbutt the orc warrior, but do no damage.
The orc warrior barely misses you.
You hit the orc warrior but do no damage.
You headbutt the orc warrior!
The orc warrior is moderately wounded.
The orc warrior hits you with a +0 hand axe.
* * * LOW HITPOINT WARNING * * *
You hit the orc warrior.
The orc warrior is heavily wounded.
The orc warrior hits you but does no damage.
You hit the orc warrior. Your headbutt misses the orc warrior.
The orc warrior is severely wounded.
An orc comes into view. It is wielding a +0 falchion.
The orc warrior hits you with a +0 hand axe.
* * * LOW HITPOINT WARNING * * *
You barely miss the orc warrior.
The orc warrior is severely wounded.
The orc warrior hits you with a +0 hand axe!
You die...

##.## #.. #..# #.#
#.## #.# #.# #.# #.#
#.# #.# #.# #### #.#
#)###### ..... #.#
###)##..o#......
#.#####..@o..#(<......
#.......#.######......
#.#######.# o.g.. ###
#.# .!.. ###


gg. g. . You could see an orc warrior and an orc.

Vanquished Creatures
  An ogre (D:5)
  A scorpion (D:5)
  A hound (D:2)
  3 orc priests
  A jelly (D:3)
  An iguana (D:4)
  3 orc wizards
  2 gnolls (D:5)
  7 adders
  2 worms (D:2)
  A dart slug (D:2)
  6 orcs
  9 ball pythons
  4 bats
  9 endoplasms
  3 giant cockroaches
  9 goblins
  14 hobgoblins
  3 jackals (D:4)
  7 kobolds
  A quokka (D:5)
  7 frilled lizards
  5 rats
100 creatures vanquished.

Notes
Turn   | Place    | Note
-------+----------+-------------------------------------------
     0 | D:1      | Metae the Minotaur Fighter began the quest for the Orb.
     0 | D:1      | Reached XP level 1. HP: 19/19 MP: 0/0
   214 | D:1      | Found Jeneaxur's Armour Shop.
   218 | D:1      | Reached XP level 2. HP: 27/27 MP: 1/1
   790 | D:2      | Reached XP level 3. HP: 30/33 MP: 2/2
   817 | D:2      | You fall into a shaft and drop 2 floors!
   817 | D:4      | Found a staircase to the Ecumenical Temple.
   837 | Temple   | Entered the Ecumenical Temple
   929 | Temple   | Became a worshipper of Warmaster Okawaru
  1041 | D:3      | Reached XP level 4. HP: 14/41 MP: 3/3
  1232 | D:3      | Found a hazy altar of Hepliaklqana.
  1836 | D:2      | Reached XP level 5. HP: 42/47 MP: 4/4
  1996 | D:2      | Found a faded altar of an unknown god.
  2004 | D:2      | Got Plato's Exposition on Causimancy
  2619 | D:4      | Reached * piety under Okawaru
  2620 | D:4      | Reached skill level 5 in Armour
  2620 | D:4      | Reached skill level 1 in Invocations
  2648 | D:3      | Reached skill level 5 in Fighting
  2801 | D:4      | Reached skill level 5 in Shields
  2801 | D:4      | Reached XP level 6. HP: 42/56 MP: 4/6
  3597 | D:5      | Entered Level 5 of the Dungeon
  3785 | D:5      | Reached XP level 7. HP: 15/61 MP: 7/7
  3800 | D:5      | Slain by an orc warrior

Illustrated notes

Levels and vault maps discovered:
D:1:      doesnt_arrival_eight_statues, layout_loops_ring, serial_shops, shop
D:2:      layout_rooms, shapermc_ecumenical_altar_rom_forum
D:3:      layout_loops_cross, nzn_hepliaklqana_mist_gate
D:4:      layout_gridville, temple_pool_b
D:5:      minmay_evil_eye, layout_rooms
Temple:   nicolae_temple_bog_church

Skill      XL: |  1  2  3  4  5  6 |
---------------+-------------------+-----
Shields        | 4 5 |  5.5
Armour         | 4 5 |  5.6
Fighting       | 4 5 |  5.5
Maces & Flails | 3 4 |  4.7
Invocations    | 1 2 |  2.3

Action                     |  1- 3 |  4- 6 |  7- 9 || total
---------------------------+-------+-------+-------++-------
  Melee: Flail             |    64 |   167 |    10 ||   241
         Headbutt          |    10 |    18 |     4 ||    32
 Invoke: Heroism           |       |     1 |     1 ||     2
    Use: Scroll            |       |     2 |       ||     2
 Armour: Scale mail        |    21 |       |       ||    21
         Chain mail        |     5 |   126 |     1 ||   132
  Dodge: Dodged            |    22 |    64 |     5 ||    91
  Block: Buckler           |    19 |    35 |     1 ||    55
